AoeStats
← builder

Arabia

504208304Analyzed
1v1 RM · 29d ago on Sep 4, 2026· 39m 19s· 2 players
Game mode
Random Map
Map size
Tiny (2 player)
Population
200
Speed
Normal
Resources
Standard
Victory
Conquest
Starting age
Dark Age
Ending age
Imperial Age
RankedLock teamsTeams togetherTeam positionsShared explorationLock speedFull tech treeHidden civsTurbo modeCheats
Victory
Defeat
🇨🇳 Spanish · China
873
+14
🇹🇷 Sicilians · Türkiye
831
-14
BULUT16
2:41 Loom
11:31 Feudal Age
13:43 Scale Mail Armor
24:15 Castle Age
33:33 Imperial Age
31:35 Double-Bit Axe
36:26 Ballistics
builder
8:26 Loom
11:25 Feudal Age
15:17 Castle Age
13:21 Double-Bit Axe
13:38 Horse Collar
15:18 Wheelbarrow
16:34 Bow Saw
16:28 Heavy Plow
20:26 Fletching
22:55 Hand Cart
31:55 Imperial Age
29:26 Murder Holes
29:42 Masonry
31:59 Bodkin Arrow
32:06 Town Watch
32:59 Supremacy
32:16 Sappers
37:09 Town Patrol
37:04 Guard Tower
37:45 Architecture
39:12 Spies/Treason
Connection lost

Rejoining the realm…

Still unreachable

The connection could not be restored.

Session expired

The server has moved on; the page needs a fresh start.